 Dungeon Crawl Stone Soup version 0.30-a0-860-g512cf1e979 (webtiles) character file.

Game seed: 582211024951371367

40 Hubris850 the Chopper (level 3, -1/28 HPs)
             Began as a Demonspawn Gladiator on Mar 7, 2023.
             Slain by a crimson imp (2 damage)
             ... summoned by Natasha
             ... on level 2 of the Dungeon.
             The game lasted 00:03:17 (1019 turns).

Hubris850 the Chopper (Demonspawn Gladiator)        Turns: 1019, Time: 00:03:18

Health: -1/28      AC:  5    Str: 14    XL:     3   Next: 30%
Magic:  3/3        EV: 11    Int: 11    God:
Gold:   88         SH:  0    Dex: 14    Spells: 2/2 levels left

rFire   . . .      SeeInvis .    a - +0 war axe
rCold   . . .      Faith    .    (no shield)
rNeg    . . .      Spirit   .    h - +0 ring mail
rPois   .          Reflect  .    (helmet restricted)
rElec   .          Rampage  .    (no cloak)
rCorr   .                        (no gloves)
Will    .....                    (no boots)
Stlth   +                        (no amulet)
HPRegen 0.24/turn                (no ring)
MPRegen 0.08/turn                (no ring)

@: slowed, very slow
A: horns 1, foul stench 1
a: no special abilities


You were on level 2 of the Dungeon.
You visited 1 branch of the dungeon, and saw 2 of its levels.

You collected 88 gold pieces.

Inventory:

Hand Weapons
 a - a +0 war axe (weapon)
 b - a +0 sling
Missiles
 d - 3 throwing nets (quivered)
 e - a javelin
Armour
 c - a +0 helmet
 h - a +0 ring mail (worn)
 o - a +0 leather armour
Scrolls
 g - a scroll of identify {unknown}
 j - 2 scrolls of noise {unknown}
 l - a scroll of brand weapon {unknown}
 m - a scroll of teleportation {unknown}
 n - a scroll of amnesia {unknown}
Potions
 f - a potion of attraction {unknown}
 i - a potion of heal wounds {unknown}


   Skills:
 + Level 2.4 Fighting
 + Level 3.0 Axes
 + Level 2.1 Throwing
 + Level 1.0 Armour
 + Level 3.0 Dodging


You had 2 spell levels left.
You didn't know any spells.
Your spell library was empty.

Dungeon Overview and Level Annotations

Branches:
Dungeon (2/15)

Altars:

Annotations:
D:2 Natasha


Innate Abilities, Weirdness & Mutations

You have a pair of small horns on your head.
You may rarely emit foul miasma when damaged in melee.


Message History

Found 5 stones.
You now have 88 gold pieces (gained 13).
Natasha, Servant of Life and Death comes into view.
Found 5 stones.
Natasha claws you but does no damage.
You closely miss Natasha.
Natasha stares at you and mumbles some strange words.
You feel yourself slow down.
You completely miss Natasha. Natasha claws you. Natasha misses you.
You hit Natasha.
Natasha is heavily wounded.
Natasha misses you. Natasha claws you!
You slash Natasha! Your headbutt misses Natasha.
Natasha is almost dead.
Natasha drinks a potion.
Natasha is healed!
Natasha stares at you and mumbles some strange words.
The magic dart hits you!
You are too injured to fight recklessly!
You are too injured to fight recklessly!
You are too injured to fight recklessly!
You slash Natasha!
Natasha is severely wounded.
Natasha claws you.
* * * LOW HITPOINT WARNING * * *
Natasha barely misses you.
You feel better.
Natasha mumbles some strange words.
Natasha barely misses you.
You miss Natasha.
Natasha is severely wounded.
You barely miss the crimson imp. Natasha claws you but does no damage.
The crimson imp hits you. Natasha claws you.
* * * LOW HITPOINT WARNING * * *
The crimson imp closely misses you.
You closely miss Natasha. You headbutt Natasha, but do no damage.
Natasha is severely wounded.
You closely miss the crimson imp. Natasha claws you but does no damage.
The crimson imp closely misses you. Natasha claws you.
* * * LOW HITPOINT WARNING * * *
The crimson imp hits you.
You die...

#..#.# #...####.†## #.#.
#..#.# ##### #..####...
#..#.#############†........
#..#................)...)#.
#..################.######.
#..# ##### ###.# #.
#####...#### #...# #.
(.....#5...###.### #.
#.h@#...##.########.
##.#................
#?(...............
#.#.....#.########
...##...##.# ###......##.#
#########.# #.# ..#


You could see Natasha and a crimson imp (summoned).

Vanquished Creatures
  An adder (D:2)
  4 ball pythons
  3 giant cockroaches (D:1)
  4 goblins
  5 hobgoblins
  2 quokkas (D:1)
  3 bats
  2 frilled lizards (D:1)
  3 kobolds (D:1)
  2 rats (D:1)
29 creatures vanquished.

Notes
Turn   | Place    | Note
-------+----------+-------------------------------------------
     0 | D:1      | Hubris850 the Demonspawn Gladiator began the quest for the
                  | Orb.
     0 | D:1      | Reached XP level 1. HP: 16/16 MP: 1/1
   266 | D:1      | Gained mutation: You may rarely emit foul miasma when
                  | damaged in melee. [demonic ancestry]
   266 | D:1      | Reached XP level 2. HP: 22/22 MP: 2/2
   911 | D:2      | Gained mutation: You have a pair of small horns on your
                  | head. [demonic ancestry]
   911 | D:2      | Reached XP level 3. HP: 20/28 MP: 3/3
   915 | D:2      | Reached skill level 1 in Armour
  1010 | D:2      | Noticed Natasha
  1019 | D:2      | HP: 1/28 [Natasha (5)]
  1019 | D:2      | Slain by a crimson imp

Illustrated notes

Levels and vault maps discovered:
D:1:      dpeg_arrival_three_bigger_balls, layout_loops_ring
D:2:      layout_loops_ring, uniq_crazy_yiuf_cottage, uniq_natasha

Skill      XL: |  1  2  3 |
---------------+----------+-----
Throwing       | 2 |  2.1
Axes           | 3 |  3.0
Dodging        | 3 |  3.0
Armour         | 1 |  1.0
Fighting       | |  2.4

Action                     || total
---------------------------++-------
  Melee: War axe           ||    92
         Punch             ||     1
         Headbutt          ||     1
    Use: Potion            ||     1
 Armour: Ring mail         ||    46
  Dodge: Dodged            ||    69

Table legend: (Time is in decaauts)
 A = Elapsed time spent in this place.
 B = Non-inter-level travel time spent in this place.
 C = Inter-level travel time spent in this place.
 D = Time resting spent in this place.
 E = Time spent auto-exploring this place.
 F = Levels seen in this place.
 G = Mean time per level.
                   A        B        C        D        E       F      G
               +--------+--------+--------+--------+--------+-----+--------+
         Total |   1055 |   1003 |     52 |      0 |    760 |   2 |  527.5 |
       Dungeon |   1055 |   1003 |     52 |      0 |    760 |   2 |  527.5 |
               +--------+--------+--------+--------+--------+-----+--------+

Top non-repeatable levels by time:
     D:1: 873 daAuts
     D:2: 182 daAuts
